Map: Romanticide LE

Players

Nina

  • Race: Protoss Protoss

Neeb - Winner!

  • Race: Protoss Protoss

VOD

Have the link to the VOD?

Description

Time

  • Played on: Oct. 10, 2021, 3:47 p.m.
  • Length: 10:10
Show
View Real Time Build Order
Export as new Build Order

Nina Protoss 

Build Orders:  

Get SALT Encoding   

  12  0:00  Probe  
  13  0:12  Probe  
  14  0:17  Pylon  
  14  0:24  Probe  
  15  0:36  Probe (Chrono Boost)  
  15  0:37  Gateway  
  16  0:47  Probe (Chrono Boost)  
  17  0:52  Probe (Chrono Boost)  
  17  0:56  Assimilator  
  18  0:57  Assimilator  
  18  1:03  Probe (Chrono Boost)  
  19  1:08  Gateway  
  19  1:15  Probe (Chrono Boost)  
  20  1:21  Probe (Chrono Boost)  
  20  1:25  Cybernetics Core  
  21  1:29  Probe  
  22  1:37  Pylon  
  22  1:41  Probe  
  23  1:55  Probe  
  24  2:01  Stalker x2  
  24  2:04  Warp Gate  
  24  2:07  Probe  
  29  2:14  Pylon  
  29  2:19  Probe  
  30  2:31  Probe  
  30  2:32  Stalker x2  
  35  2:43  Probe  
  36  2:51  Shield Battery  
  36  2:55  Probe  
  37  3:07  Probe  
  38  3:17  Nexus  
  38  3:19  Probe  
  39  3:30  Twilight Council  
  39  3:35  Pylon  
  39  3:41  Gateway  
  39  3:53  Stalker  
  39  3:55  Stalker, Probe (Chrono Boost)  
  42  4:01  Probe (Chrono Boost)  
  45  4:06  Pylon  
  45  4:07  Blink (Chrono Boost)  
  45  4:12  Probe  
  46  4:24  Probe  
  46  4:26  Stalker  
  49  4:33  Robotics Facility  
  49  4:36  Probe  
  50  4:41  Probe  
  50  4:44  Stalker  
  53  4:49  Stalker  
  53  4:51  Probe  
  56  4:56  Stalker  
  56  4:57  Probe  
  59  5:01  Pylon  
  59  5:05  Probe  
  60  5:07  Stalker  
  60  5:11  Pylon  
  62  5:15  Stalker  
  62  5:17  Probe  
  62  5:19  Probe  
  62  5:20  Observer  
  67  5:23  Stalker  
  69  5:28  Assimilator  
  69  5:29  Probe  
  69  5:31  Stalker  
  69  5:34  Probe  
  73  5:39  Stalker  
  73  5:41  Probe  
  76  5:46  Stalker  
  76  5:48  Observer  
  76  5:49  Probe  
  80  5:53  Probe  
  81  5:57  Stalker  
  81  6:01  Probe  
  84  6:05  Probe  
  84  6:10  Pylon  
  85  6:13  Probe  
  85  6:15  Assimilator  
  85  6:18  Robotics Bay  
  86  6:20  Observer  
  86  6:21  Nexus  
  86  6:26  Pylon  
  86  6:28  Probe  
  87  6:35  Pylon  
  87  6:37  Gateway  
  87  6:38  Observer, Pylon  
  88  6:43  Stalker  
  88  6:44  Stalker  
  92  6:48  Stalker  
  93  7:01  Pylon  
  92  7:02  Pylon  
  92  7:06  Disruptor (Chrono Boost)  
  87  7:20  Nexus  
  87  7:22  Stalker x2  
  63  7:40  Disruptor (Chrono Boost)  
  62  7:55  Stalker  
  64  8:04  Pylon  
  62  8:07  Probe  
  53  8:18  Disruptor  
  57  8:20  Probe  
  53  8:29  Nexus  
  53  8:30  Stalker  
  57  8:43  Shield Battery  
  54  8:49  Probe  
  55  9:00  Disruptor (Chrono Boost)  
  55  9:01  Probe  
  59  9:13  Probe  
  54  9:25  Stalker, Probe  
  54  9:28  Stalker  
  59  9:36  Stalker  
  56  9:48  Zealot  
  54  9:55  Zealot  
  54  9:57  Probe  
  45  10:04  Stalker  
Show
View Real Time Build Order
Export as new Build Order

Neeb Protoss - Winner!

Build Orders: Phoenix Opening, Blink Stalkers 

Get SALT Encoding   

  12  0:00  Probe  
  13  0:12  Probe  
  14  0:16  Pylon  
  14  0:24  Probe (Chrono Boost)  
  15  0:37  Gateway, Probe (Chrono Boost)  
  16  0:44  Probe (Chrono Boost)  
  16  0:45  Assimilator  
  17  0:51  Probe  
  18  0:57  Assimilator  
  18  1:03  Probe (Chrono Boost)  
  19  1:08  Gateway  
  19  1:13  Probe (Chrono Boost)  
  20  1:18  Probe (Chrono Boost)  
  21  1:26  Cybernetics Core  
  21  1:29  Probe  
  22  1:37  Pylon  
  22  1:41  Probe  
  23  1:55  Probe  
  24  2:02  Stalker  
  24  2:03  Warp Gate (Chrono Boost), Sentry  
  29  2:15  Pylon  
  29  2:22  Probe  
  29  2:30  Pylon  
  29  2:32  Stalker  
  29  2:33  Sentry  
  29  2:34  Probe  
  29  2:36  Phoenix  
  33  2:52  Nexus  
  33  2:55  Shield Battery  
  33  2:58  Probe  
  33  3:04  Pylon  
  34  3:11  Probe  
  35  3:18  Twilight Council  
  35  3:23  Probe  
  36  3:35  Probe  
  36  3:39  Phoenix  
  37  3:45  Sentry  
  37  3:48  Pylon  
  39  3:50  Blink (Chrono Boost)  
  39  4:02  Robotics Facility  
  39  4:04  Probe x2  
  39  4:06  Stalker  
  43  4:13  Stalker  
  43  4:16  Probe x2  
  47  4:18  Immortal (Chrono Boost)  
  47  4:28  Probe x2  
  49  4:32  Stalker  
  49  4:36  Pylon  
  51  4:38  Stalker  
  51  4:40  Probe  
  51  4:45  Probe  
  55  4:47  Assimilator  
  55  4:50  Immortal (Chrono Boost)  
  59  4:54  Probe  
  59  4:59  Probe  
  61  5:02  Pylon  
  61  5:06  Stalker  
  63  5:09  Stalker  
  63  5:10  Probe  
  63  5:14  Probe  
  67  5:19  Forge  
  67  5:23  Observer (Chrono Boost)  
  67  5:24  Probe  
  67  5:25  Immortal (Chrono Boost)  
  67  5:27  Probe  
  70  5:31  Stalker  
  72  5:37  Stalker  
  72  5:41  Pylon  
  72  5:42  Immortal (Chrono Boost)  
  78  5:51  Pylon  
  78  5:54  Pylon  
  78  6:06  Protoss Ground Weapons Level 1 (Chrono Boost)  
  78  6:07  Probe x2  
  78  6:08  Nexus  
  80  6:19  Probe  
  80  6:20  Stalker, Probe  
  80  6:21  Stalker  
  86  6:27  Pylon  
  88  6:35  Gateway  
  86  6:40  Gateway  
  86  6:42  Immortal  
  88  6:47  Stalker  
  88  6:51  Stalker  
  92  7:02  Pylon  
  92  7:03  Pylon  
  90  7:20  Immortal (Chrono Boost)  
  55  7:44  Pylon  
  55  7:48  Pylon  
  55  7:51  Immortal  
  55  7:58  Probe  
  56  8:06  Probe  
  48  8:21  Stalker x2  
  48  8:52  Stalker x3  
  48  9:26  Stalker x2  
  52  9:34  Probe x2  
  50  9:46  Probe  
  50  9:48  Probe  
Tags
 
Add a new tag
Caveats
  • Supply blocks, unpowered buildings, or Contaminate may cause inaccurate times.
  • Supply counts are checked every 10 seconds.